 Dungeon Crawl Stone Soup version 0.19.4-8-ga85b6b9 (webtiles) character file.

407 TryAgain the Covered (level 6, -3/40 HPs)
             Began as a Gargoyle Fighter on Feb 9, 2017.
             Slain by an ogre
             ... wielding a cursed -3 giant club
              (13 damage)
             ... on level 4 of the Dungeon.
             The game lasted 00:09:23 (3248 turns).

TryAgain the Covered (Gargoyle Fighter)             Turns: 3248, Time: 00:09:24

Health: -3/40      AC: 13    Str: 19    XL:     6   Next: 88%
Magic:  6/6        EV:  7    Int:  9    God:
Gold:   217        SH:  9    Dex: 11    Spells: 0 memorised, 5 levels left

rFire  . . .     SeeInvis .     a - +0 flail
rCold  . . .     Gourm    .     b - +0 scale mail
rNeg   + . .     Faith    .     c - +0 shield
rPois  ∞         Spirit   .     y - +0 helmet
rElec  +         Reflect  .     (no cloak)
rCorr  .         Harm     .     (no gloves)
MR     .....                    (no boots)
Stlth  ..........               (no amulet)
                                (no ring)
                                (no ring)

@: no status effects
A: negative energy resistance 1, electricity resistance, unbreathing,
petrification resistance, rot immunity, AC +4
a: no special abilities


You were on level 4 of the Dungeon.
You were not hungry.

You visited 1 branch of the dungeon, and saw 4 of its levels.

You collected 217 gold pieces.

Inventory:

Hand Weapons
 a - a +0 flail (weapon)
Armour
 b - a +0 scale mail (worn)
 c - a +0 shield (worn)
 l - a +0 large shield
 y - a +0 helmet (worn)
 C - a +0 scale mail
Magical Staves
 w - an uncursed staff of energy {unknown}
Jewellery
 F - a +2 ring of protection {unknown}
Wands
 D - a wand of hasting (1/9)
Scrolls
 e - 7 scrolls of identify {unknown}
 k - 4 scrolls of remove curse {unknown}
 n - a scroll of amnesia {unknown}
 t - 2 scrolls of teleportation {unknown}
 u - 2 scrolls of immolation {unknown}
 z - a scroll of fog {unknown}
 A - a scroll of magic mapping {unknown}
 G - a scroll of recharging {unknown}
Potions
 d - a potion of might
 i - 2 potions of ambrosia {unknown}
 j - a potion of berserk rage {unknown}
 m - 2 potions of mutation {unknown}
 o - a potion of lignification {unknown}
 q - 4 potions of curing {unknown}
 r - 3 potions of degeneration {unknown}
 s - 2 potions of heal wounds {unknown}
 v - a potion of agility
 x - a potion of flight {unknown}
 B - a potion of brilliance {unknown}
Comestibles
 f - 2 bread rations
 g - 3 beef jerkies
 h - 2 meat rations
 p - a fruit
 E - 2 chunks of flesh


   Skills:
 + Level 4.8 Fighting
 + Level 3.9 Maces & Flails
 + Level 5.3 Armour
 + Level 4.6 Shields


You had 5 spell levels left.
You didn't know any spells.

Dungeon Overview and Level Annotations

Branches:
Dungeon (4/15)
 Temple: D:4-7

Altars:
Dithmenos
Makhleb
Nemelex Xobeh
Okawaru
Xom


Innate Abilities, Weirdness & Mutations

You are resistant to torment.
Your stone body is resilient. (AC +4)
You are immune to poison.
You resist negative energy. (rN+)
You are resistant to electric shocks. (rElec)
You can survive without breathing.
You are immune to petrification.
You are immune to rotting.


Message History

There is an open door here.
Found an escape hatch in the floor.
You open the door.
Found a sparkling altar of Nemelex Xobeh.
There is an open door here.
u - 2 scrolls labeled QURUJE XAZAL (gained 1)
There is an open door here.
Found a ring mail.
You open the large door.
There is a large open door here.
An ogre comes into view. It is wielding a giant club.
The ogre shouts!
You hit the ogre.
The ogre is moderately wounded.
The ogre hits you with a giant club! The ogre hits you with a giant club!!
* * * LOW HITPOINT WARNING * * *
You sock the ogre!
The ogre is heavily wounded.
The ogre hits you with a giant club!
You die...

.#....'...####''######.###.#.#
...#..###..................#.#
.#...#..#.##.#######.#.......#
...#...#..#......# #.#########
.#...#...#.#####.# #.#
...#...#.......#.# #.##
.#...#...#.###.#.###..###
...#...#...###.#.#......#
.#...#...#.....#@#.##...#
...#...#...#####O#.###..#
.#...#...#.#..<#.#.# #..###
...#...#...#.###.#.# #.>..#
.#...#...#.#.# #.#.# ##.#.###
...#...#.....# ..#.# #.#...#
.#...#.†.#..## ###.# #.###.#
...#...#..### #.# #.....#
.#...#..### #.# #######


You could see an ogre.

Vanquished Creatures
  The ghost of Agrougrou the Skirmisher, an amateur OgFi (D:4)
  An iguana (D:4)
  Natasha (thrice) (D:3)
  A worker ant (D:4)
  Robin (D:3)
  2 adders (D:3)
  2 oozes
  2 worms
  A dart slug (D:4)
  2 leopard geckos
  2 ball pythons
  2 bats
  15 giant cockroaches
  11 goblins
  10 hobgoblins
  2 jackals (D:3)
  2 quokkas
  2 frilled lizards
  9 kobolds
  5 rats
76 creatures vanquished.

Notes
Turn   | Place    | Note
-------+----------+-------------------------------------------
     0 | D:1      | TryAgain the Gargoyle Fighter began the quest for the Orb.
     0 | D:1      | Reached XP level 1. HP: 14/14 MP: 1/1
   143 | D:1      | Reached XP level 2. HP: 19/19 MP: 2/2
   845 | D:2      | Found a shadowy altar of Dithmenos.
   932 | D:2      | Reached XP level 3. HP: 19/23 MP: 3/3
  1534 | D:3      | Noticed Natasha
  1543 | D:3      | Killed Natasha
  1543 | D:3      | Reached skill level 4 in Armour
  1543 | D:3      | Reached XP level 4. HP: 18/29 MP: 4/4
  1556 | D:3      | Noticed Natasha
  1571 | D:3      | Killed Natasha
  1661 | D:3      | Noticed Natasha
  1667 | D:3      | Killed Natasha
  1667 | D:3      | Reached XP level 5. HP: 14/33 MP: 5/5
  1800 | D:3      | Found an iron altar of Okawaru.
  1957 | D:3      | Noticed Robin
  2011 | D:3      | Killed Robin
  2878 | D:4      | Noticed Agrougrou's ghost (amateur OgFi)
  2916 | D:4      | Killed Agrougrou's ghost
  2916 | D:4      | Reached skill level 5 in Armour
  2916 | D:4      | Reached XP level 6. HP: 19/39 MP: 6/6
  3066 | D:4      | Found a burning altar of Makhleb.
  3100 | D:4      | Found a shimmering altar of Xom.
  3145 | D:4      | Found a sparkling altar of Nemelex Xobeh.
  3248 | D:4      | Slain by an ogre

Skill      XL: |  1  2  3  4  5 |
---------------+----------------+-----
Armour         | 4 5 |  5.3
Fighting       | 4 |  4.8
Maces & Flails | 3 |  3.9
Shields        | 4 |  4.6

Action                   |  1- 3 |  4- 6 || total
-------------------------+-------+-------++-------
Melee: Flail             |    88 |   241 ||   329
  Eat: Chunk             |     2 |     6 ||     8
Armor: Scale mail        |    36 |   147 ||   183
Dodge: Dodged            |    20 |    62 ||    82
Block: Shield            |    38 |   137 ||   175
